[Event "III Duchamp Open 2019"]
[Site "Rio de Janeiro"]
[Date "2019.12.07"]
[Round "1.9"]
[White "Galego, Luis"]
[Black "Souza dos Santos, Matheus Garcett"]
[Result "1-0"]
[ECO "B50"]
[WhiteElo "2483"]
[BlackElo "1931"]
[Annotator "ChessBase"]
[PlyCount "63"]
[EventDate "2019.12.07"]
[EventType "swiss"]
[EventCountry "BRA"]
[SourceTitle "playchess.com"]
[Source "ChessBase"]
[SourceQuality "1"]
[TimeControl "40/5400+30:1800+30"]

1. e4 c5 2. Nf3 d6 3. c3 Nf6 4. Bb5+ Bd7 5. Bxd7+ Nbxd7 6. Qe2 Qc7 7. O-O g6 8. d4 e5 9. dxe5 dxe5 10. Bg5 Bg7 11. Bxf6 Nxf6 12. Qb5+ Qd7 13. Qxd7+ Nxd7 14. Rd1 Rd8 15. Na3 O-O 16. Rd5 Nf6 17. Rxe5 Rd7 18. Rxc5 Nxe4 19. Rb5 Rfd8 20. Re1 f5 21. Nc2 b6 22. Ncd4 Rd6 23. Rb4 a6 24. a4 Kf7 25. Rc4 Nc5 26. a5 Bxd4 27. Nxd4 Nd3 28. Re2 bxa5 29. g3 Rb8 30. Rc7+ Kf6 31. f4 g5 32. Rxh7 1-0

[Event "III Duchamp Open 2019"]
[Site "Rio de Janeiro"]
[Date "2019.12.07"]
[Round "1.15"]
[White "Von Buelow, Georg"]
[Black "Chaves, Joara"]
[Result "1-0"]
[ECO "E92"]
[WhiteElo "2363"]
[BlackElo "1889"]
[Annotator "RC"]
[PlyCount "97"]
[EventDate "2019.12.07"]
[EventType "swiss"]
[EventCountry "BRA"]
[SourceTitle "playchess.com"]
[Source "ChessBase"]
[SourceQuality "1"]
[TimeControl "40/5400+30:1800+30"]

1. Nf3 Nf6 2. c4 g6 3. Nc3 Bg7 4. e4 d6 5. d4 O-O 6. Be2 e5 7. Be3 Ng4 8. Bg5 f6 9. Bc1 Nc6 10. d5 Ne7 11. h3 Nh6 12. h4 c6 13. h5 g5 14. Nh2 cxd5 15. cxd5 Bd7 16. g4 a6 17. a4 Nc8 18. Nf1 Re8 19. Ne3 b6 20. Bd2 Qc7 21. O-O Bf8 22. Qb3 Qb7 23. Rfc1 Be7 24. Na2 b5 25. axb5 axb5 26. Nc3 Rb8 27. f3 Bd8 28. Kg2 Re7 29. Nc2 Na7 30. Nb4 Bb6 31. Nc6 Rf7 32. Nxb8 Qxb8 33. Nxb5 Nxb5 34. Bxb5 Bd4 35. Ra5 Nxg4 36. fxg4 Bxg4 37. h6 Rf8 38. Qc2 Rc8 39. Bc6 Qxb2 40. Qxb2 Bxb2 41. Rb1 Bd4 42. Rb7 Bh5 43. Rg7+ Kh8 44. Bd7 Rb8 45. Bf5 Bc5 46. Rxh7+ Kg8 47. Rg7+ Kh8 48. Rb7 Rd8 49. Rab5 1-0

[Event "III Duchamp Open 2019"]
[Site "Rio de Janeiro"]
[Date "2019.12.08"]
[Round "2.1"]
[White "Librelato, Kathie Goulart"]
[Black "Martinez Alcantara, Jose Eduardo"]
[Result "0-1"]
[ECO "B66"]
[WhiteElo "2217"]
[BlackElo "2592"]
[Annotator "ChessBase"]
[PlyCount "68"]
[EventDate "2019.12.07"]
[EventType "swiss"]
[EventCountry "BRA"]
[SourceTitle "playchess.com"]
[Source "ChessBase"]
[SourceQuality "1"]
[TimeControl "40/5400+30:1800+30"]

1. e4 c5 2. Nf3 d6 3. d4 cxd4 4. Nxd4 Nf6 5. Nc3 Nc6 6. Bg5 e6 7. Qd2 a6 8. O-O-O Qb6 9. Nb3 Be7 10. f3 Qc7 11. Bf4 Ne5 12. Be2 Rb8 13. g4 b5 14. g5 Nfd7 15. h4 b4 16. Nb1 a5 17. h5 a4 18. Nd4 Nc4 19. Bxc4 Qxc4 20. b3 axb3 21. axb3 Qc7 22. g6 Nc5 23. Qe3 e5 24. h6 fxg6 25. hxg7 Rg8 26. Rxh7 exf4 27. Qxf4 Ne6 28. Qg3 Bg5+ 29. Kb2 Nxd4 30. Rxd4 Bf6 31. Qxg6+ Qf7 32. Qg1 Qa7 33. e5 Qxd4+ 34. Qxd4 Bxe5 0-1

[Event "III Duchamp Open 2019"]
[Site "Rio de Janeiro"]
[Date "2019.12.08"]
[Round "2.2"]
[White "Supi, Luis Paulo"]
[Black "Alboredo, Julia"]
[Result "1-0"]
[ECO "E63"]
[WhiteElo "2578"]
[BlackElo "2184"]
[Annotator "ChessBase"]
[PlyCount "59"]
[EventDate "2019.12.07"]
[EventType "swiss"]
[EventCountry "BRA"]
[SourceTitle "playchess.com"]
[Source "ChessBase"]
[SourceQuality "1"]
[TimeControl "40/5400+30:1800+30"]

1. d4 Nf6 2. c4 g6 3. g3 Bg7 4. Bg2 O-O 5. Nc3 d6 6. Nf3 Nc6 7. O-O a6 8. b3 Rb8 9. d5 Na5 10. Bg5 c5 11. dxc6 bxc6 12. c5 h6 13. Bd2 d5 14. Bf4 Rb4 15. Be5 Nd7 16. Bxg7 Kxg7 17. Qd2 Rb8 18. e4 Nf6 19. e5 Ne4 20. Qd4 Nxc3 21. Qxc3 Kh7 22. Nd4 Qc7 23. Rae1 Nb7 24. f4 f5 25. exf6 exf6 26. Re3 Rf7 27. Rfe1 Bd7 28. Re7 Kg8 29. Bh3 f5 30. Ne6 1-0

[Event "III Duchamp Open 2019"]
[Site "Rio de Janeiro"]
[Date "2019.12.08"]
[Round "2.3"]
[White "Cezila Jr, Rubens"]
[Black "Cruz, Cristhian"]
[Result "0-1"]
[ECO "C11"]
[WhiteElo "2191"]
[BlackElo "2562"]
[Annotator "ChessBase"]
[PlyCount "54"]
[EventDate "2019.12.07"]
[EventType "swiss"]
[EventCountry "BRA"]
[SourceTitle "playchess.com"]
[Source "ChessBase"]
[SourceQuality "1"]
[TimeControl "40/5400+30:1800+30"]

1. e4 e6 2. d4 d5 3. Nc3 Nf6 4. Bg5 dxe4 5. Nxe4 Be7 6. Bxf6 gxf6 7. Nf3 f5 8. Nc3 a6 9. Qe2 b5 10. a3 Qd6 11. O-O-O Nd7 12. d5 e5 13. Re1 e4 14. Nd4 Nf6 15. Nc6 Nxd5 16. Nxd5 Qxd5 17. Nxe7 Kxe7 18. f3 Qa2 19. c3 Be6 20. fxe4 f4 21. Qc2 Rhg8 22. g3 fxg3 23. hxg3 Rxg3 24. Rxh7 Rd8 25. Rh2 Bb3 26. Qb1 Re3 27. Rhe2 Red3 0-1

[Event "III Duchamp Open 2019"]
[Site "Rio de Janeiro"]
[Date "2019.12.08"]
[Round "2.4"]
[White "Hernandez Guerrero, Gilberto"]
[Black "Carraro, Denise"]
[Result "1-0"]
[ECO "C00"]
[WhiteElo "2554"]
[BlackElo "2177"]
[Annotator "ChessBase"]
[PlyCount "69"]
[EventDate "2019.12.07"]
[EventType "swiss"]
[EventCountry "BRA"]
[SourceTitle "playchess.com"]
[Source "ChessBase"]
[SourceQuality "1"]
[TimeControl "40/5400+30:1800+30"]

1. e4 e6 2. d3 c5 3. g3 Nc6 4. Bg2 d5 5. exd5 exd5 6. Nc3 Be6 7. Nge2 Qd7 8. Nf4 Nge7 9. O-O O-O-O 10. h3 h6 11. a3 g5 12. Nxe6 fxe6 13. b4 Nf5 14. b5 Nce7 15. Rb1 Ng6 16. a4 Rg8 17. Kh1 Bd6 18. Ne2 Bb8 19. d4 c4 20. a5 Qd6 21. Bd2 h5 22. Bxg5 Rdf8 23. b6 a6 24. Bd2 Rf7 25. Nf4 h4 26. Bb4 Qd8 27. Nxg6 Rxg6 28. g4 Qg5 29. Bd2 Bf4 30. Bxf4 Qxf4 31. c3 Rfg7 32. Qe2 Nh6 33. Rbe1 Rf6 34. Bxd5 Qd6 35. Qxc4+ 1-0

[Event "III Duchamp Open 2019"]
[Site "Rio de Janeiro"]
[Date "2019.12.08"]
[Round "2.5"]
[White "Diamant, Andre"]
[Black "Rocha, Vitor Firmo de Souza"]
[Result "1-0"]
[ECO "A16"]
[WhiteElo "2533"]
[BlackElo "2169"]
[Annotator "ChessBase"]
[PlyCount "77"]
[EventDate "2019.12.07"]
[EventType "swiss"]
[EventCountry "BRA"]
[SourceTitle "playchess.com"]
[Source "ChessBase"]
[SourceQuality "1"]
[TimeControl "40/5400+30:1800+30"]

1. c4 Nf6 2. Nc3 Nc6 3. Nf3 d6 4. d4 e5 5. d5 Ne7 6. e4 Ng6 7. h4 h5 8. Ng5 Be7 9. g3 a5 10. Be2 Bd7 11. Bd2 Qc8 12. Rc1 Nf8 13. Kf1 N8h7 14. Kg2 g6 15. f3 c5 16. dxc6 bxc6 17. c5 d5 18. Nxh7 Rxh7 19. exd5 Nxd5 20. Bc4 Be6 21. Ne4 f5 22. Ng5 Bxg5 23. Bxg5 f4 24. Re1 Ne3+ 25. Rxe3 fxe3 26. Qd6 Bxc4 27. Qxg6+ Rf7 28. Rxc4 Rb8 29. b3 Rb4 30. Rc3 Rd4 31. Bxe3 Rd1 32. Bh6 Qf5 33. Qxc6+ Ke7 34. Qb7+ Ke8 35. Qb8+ Ke7 36. Bg5+ Rf6 37. Qh8 Qb1 38. Qxf6+ Kd7 39. c6+ 1-0

[Event "III Duchamp Open 2019"]
[Site "Rio de Janeiro"]
[Date "2019.12.08"]
[Round "2.6"]
[White "Zuriel, Marisa"]
[Black "Vazquez, Guillermo"]
[Result "0-1"]
[ECO "B47"]
[WhiteElo "2178"]
[BlackElo "2506"]
[Annotator "ChessBase"]
[PlyCount "62"]
[EventDate "2019.12.07"]
[EventType "swiss"]
[EventCountry "BRA"]
[SourceTitle "playchess.com"]
[Source "ChessBase"]
[SourceQuality "1"]
[TimeControl "40/5400+30:1800+30"]

1. e4 c5 2. Nf3 Nc6 3. d4 cxd4 4. Nxd4 e6 5. Nc3 Qc7 6. f4 Nxd4 7. Qxd4 b6 8. Be3 Bb7 9. O-O-O Nf6 10. Be2 Bc5 11. Qd3 Ba6 12. Qd2 Bxe3 13. Qxe3 Bxe2 14. Nxe2 Rc8 15. Rd2 b5 16. Kb1 O-O 17. Rhd1 d5 18. exd5 Nxd5 19. Qf3 Qb6 20. Rd4 b4 21. Qd3 a5 22. f5 a4 23. fxe6 fxe6 24. Rh4 g6 25. Rd4 Rf2 26. Ka1 Qc6 27. Kb1 a3 28. Re4 axb2 29. Kxb2 Rxg2 30. Nd4 Qc3+ 31. Kb1 Qxd3 0-1

[Event "III Duchamp Open 2019"]
[Site "Rio de Janeiro"]
[Date "2019.12.08"]
[Round "2.7"]
[White "Di Berardino, Diego Rafael"]
[Black "De Carvalho, Jose Jorge"]
[Result "1-0"]
[ECO "D37"]
[WhiteElo "2489"]
[BlackElo "2149"]
[Annotator "ChessBase"]
[PlyCount "71"]
[EventDate "2019.12.07"]
[EventType "swiss"]
[EventCountry "BRA"]
[SourceTitle "playchess.com"]
[Source "ChessBase"]
[SourceQuality "1"]
[TimeControl "40/5400+30:1800+30"]

1. d4 d5 2. c4 e6 3. Nc3 Nf6 4. Nf3 Be7 5. Bf4 O-O 6. e3 b6 7. Bd3 Bb7 8. cxd5 Nxd5 9. Nxd5 exd5 10. O-O c5 11. dxc5 bxc5 12. Qc2 h6 13. Rfd1 Nc6 14. a3 Qb6 15. Rac1 Rad8 16. Bh7+ Kh8 17. Bf5 Rfe8 18. Ne5 Nxe5 19. Bxe5 Bf8 20. Bf4 Kg8 21. Bg4 d4 22. exd4 Re4 23. dxc5 Rxd1+ 24. Qxd1 Bxc5 25. Bg3 Qxb2 26. Rb1 Qc3 27. Bf5 Rd4 28. Qe2 g6 29. Bxg6 fxg6 30. Qe8+ Bf8 31. Qxg6+ Bg7 32. Be5 Rg4 33. Qe6+ Kh7 34. Bxc3 Rxg2+ 35. Kf1 Rg6 36. Rxb7 1-0

[Event "III Duchamp Open 2019"]
[Site "Rio de Janeiro"]
[Date "2019.12.08"]
[Round "2.8"]
[White "Abrantes, Tiago Garrido"]
[Black "Galego, Luis"]
[Result "0-1"]
[ECO "A40"]
[WhiteElo "2159"]
[BlackElo "2483"]
[Annotator "ChessBase"]
[PlyCount "66"]
[EventDate "2019.12.07"]
[EventType "swiss"]
[EventCountry "BRA"]
[SourceTitle "playchess.com"]
[Source "ChessBase"]
[SourceQuality "1"]
[TimeControl "40/5400+30:1800+30"]

1. d4 Nf6 2. c4 e6 3. g3 Bb4+ 4. Bd2 Bxd2+ 5. Qxd2 d5 6. Bg2 O-O 7. Nf3 Nbd7 8. O-O Qe7 9. b3 dxc4 10. bxc4 e5 11. Nc3 exd4 12. Qxd4 c6 13. e4 Nc5 14. e5 Nfd7 15. Rad1 Nb6 16. Ne4 Nxe4 17. Qxe4 Be6 18. Rd4 Rad8 19. Rfd1 Nxc4 20. h4 Bd5 21. Rxd5 Rxd5 22. Rxd5 cxd5 23. Qxd5 Rc8 24. Qe4 Rc5 25. Ng5 Qxe5 26. Qxb7 Nd6 27. Qxa7 h6 28. Nf3 Rc1+ 29. Kh2 Qc5 30. Qe7 Rc2 31. Ne1 Rxf2 32. Nd3 Rxg2+ 33. Kxg2 Qd5+ 0-1

[Event "III Duchamp Open 2019"]
[Site "Rio de Janeiro"]
[Date "2019.12.08"]
[Round "2.9"]
[White "Perdomo, Leandro"]
[Black "Moura, Eduardo Eugenio Chav"]
[Result "1-0"]
[ECO "A41"]
[WhiteElo "2474"]
[BlackElo "2098"]
[Annotator "ChessBase"]
[PlyCount "57"]
[EventDate "2019.12.07"]
[EventType "swiss"]
[EventCountry "BRA"]
[SourceTitle "playchess.com"]
[Source "ChessBase"]
[SourceQuality "1"]
[TimeControl "40/5400+30:1800+30"]

1. d4 d6 2. c4 e5 3. Nf3 Nd7 4. Nc3 Ngf6 5. Bg5 c6 6. e3 Qa5 7. Qd2 Be7 8. Bd3 O-O 9. O-O Re8 10. Rfd1 Bd8 11. Qc2 Nf8 12. h3 Ng6 13. d5 c5 14. a3 Nd7 15. Nb5 Qb6 16. a4 a5 17. Ra3 Ndf8 18. Bxd8 Qxd8 19. Nd2 Ra6 20. Nf1 Qe7 21. Ng3 Nh4 22. Kh2 g6 23. f4 exf4 24. exf4 f5 25. Rd2 Qd8 26. Re2 Bd7 27. Rxe8 Bxe8 28. Qf2 Ra8 29. Ne2 1-0

[Event "III Duchamp Open 2019"]
[Site "Rio de Janeiro"]
[Date "2019.12.08"]
[Round "2.10"]
[White "Pirola, Claudionor Alcides L"]
[Black "Matsuura, Everaldo"]
[Result "1/2-1/2"]
[ECO "B74"]
[WhiteElo "2106"]
[BlackElo "2448"]
[Annotator "NA RC"]
[PlyCount "77"]
[EventDate "2019.12.07"]
[EventType "swiss"]
[EventCountry "BRA"]
[SourceTitle "playchess.com"]
[Source "ChessBase"]
[SourceQuality "1"]
[TimeControl "40/5400+30:1800+30"]

1. e4 c5 2. Nc3 Nc6 3. Nf3 g6 4. d4 cxd4 5. Nxd4 Bg7 6. Be3 Nf6 7. Nb3 O-O 8. Be2 d6 9. O-O Be6 10. f4 Qc8 11. Kh1 Bg4 12. Bg1 Rb8 13. Nd5 Bxe2 14. Qxe2 Qe6 15. Nxf6+ Bxf6 16. c3 b5 17. Qf3 Rbc8 18. e5 Bg7 19. exd6 Qxd6 20. Nc5 Qc7 21. Rad1 Rcd8 22. a4 bxa4 23. Nxa4 e6 24. Nc5 Ne7 25. Ra1 Nd5 26. Ra3 a5 27. Rfa1 Qxf4 28. Rxa5 Qxf3 29. gxf3 Nxc3 30. bxc3 Bxc3 31. Ne4 Bxa5 32. Rxa5 Rd3 33. Kg2 Rb8 34. Bc5 Rdd8 35. Ra7 Ra8 36. Rb7 Rab8 37. Ra7 Ra8 38. Rb7 Rab8 39. Ra7 1/2-1/2

[Event "III Duchamp Open 2019"]
[Site "Rio de Janeiro"]
[Date "2019.12.08"]
[Round "2.11"]
[White "Molina, Roberto Junio Brito"]
[Black "Andrade, Roberto Luiz Costa"]
[Result "1-0"]
[ECO "A43"]
[WhiteElo "2448"]
[BlackElo "2087"]
[Annotator "NA"]
[PlyCount "59"]
[EventDate "2019.12.07"]
[EventType "swiss"]
[EventCountry "BRA"]
[SourceTitle "playchess.com"]
[Source "ChessBase"]
[SourceQuality "1"]
[TimeControl "40/5400+30:1800+30"]

1. d4 c5 2. d5 Nf6 3. Nc3 d6 4. e4 g6 5. Be2 Bg7 6. Nf3 O-O 7. O-O Na6 8. Nd2 Nc7 9. a4 Rb8 10. Nc4 b6 11. Bf4 Nd7 12. Qd2 Ne5 13. Bh6 Nxc4 14. Bxc4 a6 15. Bxg7 Kxg7 16. f4 b5 17. axb5 axb5 18. Be2 b4 19. Nd1 Nb5 20. c3 Qc7 21. Ne3 Bd7 22. Bxb5 Bxb5 23. c4 Bd7 24. Rae1 Ra8 25. h4 Ra2 26. f5 gxf5 27. exf5 Rg8 28. Ng4 Be8 29. Rxe7 Qd8 30. Qh6+ 1-0

[Event "III Duchamp Open 2019"]
[Site "Rio de Janeiro"]
[Date "2019.12.08"]
[Round "2.12"]
[White "Labussiere, Yago"]
[Black "Zambrana, Oswaldo"]
[Result "1/2-1/2"]
[ECO "A56"]
[WhiteElo "2091"]
[BlackElo "2445"]
[Annotator "NA"]
[PlyCount "120"]
[EventDate "2019.12.07"]
[EventType "swiss"]
[EventCountry "BRA"]
[SourceTitle "playchess.com"]
[Source "ChessBase"]
[SourceQuality "1"]
[TimeControl "40/5400+30:1800+30"]

1. d4 Nf6 2. c4 c5 3. Nf3 e6 4. e3 b6 5. Nc3 Be7 6. d5 exd5 7. cxd5 d6 8. Bb5+ Bd7 9. a4 a6 10. Be2 Bg4 11. Nd2 Bxe2 12. Qxe2 O-O 13. O-O Nbd7 14. e4 Re8 15. Nc4 Bf8 16. f3 Ne5 17. Na3 Qc7 18. b3 c4 19. bxc4 Rec8 20. Bd2 Nxc4 21. Nxc4 Qxc4 22. Rfc1 Nd7 23. Kf1 g6 24. Nd1 Qxe2+ 25. Kxe2 Rxc1 26. Rxc1 Nc5 27. Rc4 Re8 28. Be3 f5 29. Nf2 Bg7 30. Rb4 Rb8 31. Bf4 Bf8 32. Nd3 fxe4 33. fxe4 Re8 34. Ke3 Nd7 35. Rc4 Nf6 36. Kf3 b5 37. axb5 axb5 38. Rb4 Rb8 39. Nc1 Ne8 40. Ne2 Nc7 41. Nd4 Rb7 42. Ke3 Kf7 43. Nc6 Ke8 44. Rb1 Rb6 45. Nb4 Rb8 46. Rc1 Kd7 47. Rxc7+ Kxc7 48. Na6+ Kb7 49. Nxb8 Kxb8 50. Kd3 Kb7 51. Kc3 Kb6 52. Kb4 Be7 53. h3 h5 54. Be3+ Ka6 55. Bf4 Kb6 56. Bg3 Ka6 57. Bf4 Kb6 58. Bh2 Ka6 59. Bg3 Kb6 60. Bh2 Ka6 1/2-1/2

[Event "III Duchamp Open 2019"]
[Site "Rio de Janeiro"]
[Date "2019.12.08"]
[Round "2.13"]
[White "Roselli Mailhe, Bernardo"]
[Black "Urquiza, Marcello de Albuquer"]
[Result "1-0"]
[ECO "D28"]
[WhiteElo "2442"]
[BlackElo "2075"]
[Annotator "NA"]
[PlyCount "25"]
[EventDate "2019.12.07"]
[EventType "swiss"]
[EventCountry "BRA"]
[SourceTitle "playchess.com"]
[Source "ChessBase"]
[SourceQuality "1"]
[TimeControl "40/5400+30:1800+30"]

1. d4 d5 2. c4 dxc4 3. Nf3 Nf6 4. e3 e6 5. Bxc4 c5 6. O-O a6 7. Qe2 b5 8. Bd3 cxd4 9. exd4 Be7 10. a4 bxa4 11. Nc3 O-O 12. Bg5 Nc6 13. Bxf6 1-0

[Event "III Duchamp Open 2019"]
[Site "Rio de Janeiro"]
[Date "2019.12.08"]
[Round "2.14"]
[White "Torella, Rodolfo"]
[Black "Von Buelow, Georg"]
[Result "1-0"]
[ECO "B55"]
[WhiteElo "2085"]
[BlackElo "2363"]
[Annotator "NA"]
[PlyCount "35"]
[EventDate "2019.12.07"]
[EventType "swiss"]
[EventCountry "BRA"]
[SourceTitle "playchess.com"]
[Source "ChessBase"]
[SourceQuality "1"]
[TimeControl "40/5400+30:1800+30"]

1. e4 c5 2. Nf3 d6 3. d4 cxd4 4. Nxd4 Nf6 5. f3 e5 6. Bb5+ Nbd7 7. Nf5 a6 8. Ba4 d5 9. exd5 b5 10. Bb3 a5 11. a3 Nc5 12. Ne3 Nxb3 13. cxb3 Bc5 14. Nc3 Ba6 15. b4 axb4 16. axb4 Bxb4 17. Qb3 Bc5 18. Rxa6 1-0

[Event "III Duchamp Open 2019"]
[Site "Rio de Janeiro"]
[Date "2019.12.08"]
[Round "2.15"]
[White "Limp, Eduardo Thelio"]
[Black "Sobrero, Sebastian"]
[Result "1-0"]
[ECO "B06"]
[WhiteElo "2356"]
[BlackElo "2059"]
[Annotator "NA"]
[PlyCount "77"]
[EventDate "2019.12.07"]
[EventType "swiss"]
[EventCountry "BRA"]
[SourceTitle "playchess.com"]
[Source "ChessBase"]
[SourceQuality "1"]
[TimeControl "40/5400+30:1800+30"]

1. d4 g6 2. e4 Bg7 3. Nf3 d6 4. c3 Nf6 5. Nbd2 O-O 6. Be2 c5 7. dxc5 dxc5 8. O-O Nc6 9. Qc2 Qc7 10. a4 Nh5 11. g3 Bg4 12. Nc4 Rad8 13. Ne3 Bh3 14. Re1 h6 15. Nd5 Qc8 16. Nd2 Bg4 17. Nc4 Bxe2 18. Qxe2 Qh3 19. Be3 e6 20. Nf4 Nxf4 21. Bxf4 e5 22. Be3 b6 23. a5 Rb8 24. axb6 axb6 25. Ra6 f5 26. Rxb6 Rxb6 27. Nxb6 f4 28. Bxc5 Rf7 29. Nd5 Nd8 30. Qf1 Qh5 31. Be7 Ne6 32. Qg2 f3 33. g4 fxg2 34. gxh5 gxh5 35. Kxg2 Nf4+ 36. Nxf4 exf4 37. Bd6 Rb7 38. Re2 Rf7 39. Kf3 1-0

[Event "III Duchamp Open 2019"]
[Site "Rio de Janeiro"]
[Date "2019.12.08"]
[Round "2.16"]
[White "Silva, Kaua Marques"]
[Black "Ambartsumova, Karina"]
[Result "0-1"]
[ECO "B43"]
[WhiteElo "2082"]
[BlackElo "2341"]
[Annotator "NA"]
[PlyCount "32"]
[EventDate "2019.12.07"]
[EventType "swiss"]
[EventCountry "BRA"]
[SourceTitle "playchess.com"]
[Source "ChessBase"]
[SourceQuality "1"]
[TimeControl "40/5400+30:1800+30"]

1. e4 c5 2. Nf3 e6 3. Nc3 a6 4. d4 cxd4 5. Nxd4 b5 6. a3 Bb7 7. Bd3 Qb6 8. Nde2 Nf6 9. O-O Qc7 10. h3 Be7 11. Bg5 d5 12. Ng3 h6 13. Bd2 Nbd7 14. Qe2 O-O 15. f4 Nc5 16. Rae1 Rfe8 0-1

[Event "III Duchamp Open 2019"]
[Site "Rio de Janeiro"]
[Date "2019.12.08"]
[Round "3.5"]
[White "Rangel, Daniel"]
[Black "Diamant, Andre"]
[Result "1/2-1/2"]
[ECO "A10"]
[WhiteElo "2258"]
[BlackElo "2533"]
[Annotator "RC"]
[PlyCount "78"]
[EventDate "2019.12.07"]
[EventType "swiss"]
[EventCountry "BRA"]
[SourceTitle "playchess.com"]
[Source "ChessBase"]
[SourceQuality "1"]
[TimeControl "40/5400+30:1800+30"]

1. c4 g6 2. g3 Bg7 3. Bg2 Nf6 4. Nc3 O-O 5. e4 d6 6. Nge2 c5 7. O-O Nc6 8. d3 Ne8 9. Be3 Nc7 10. d4 cxd4 11. Nxd4 Ne6 12. Nde2 Nc5 13. Rb1 a5 14. Qd2 a4 15. b4 axb3 16. axb3 Qa5 17. e5 Qd8 18. exd6 exd6 19. b4 Ne6 20. Ne4 Ne5 21. Nxd6 Ng4 22. Nxb7 Qc7 23. Nd6 Nxe3 24. Qxe3 Ra2 25. Nxc8 Rxc8 26. c5 Qe5 27. Qxe5 Bxe5 28. Nc1 Rd2 29. Nb3 Ra2 30. c6 Rb8 31. Nc1 Rc2 32. Nd3 Bd4 33. b5 Rc3 34. Nf4 Nxf4 35. gxf4 Rc2 36. Rbc1 Bxf2+ 37. Kh1 Rxc1 38. Rxc1 Bb6 39. c7 Rc8 1/2-1/2

[Event "III Duchamp Open 2019"]
[Site "Rio de Janeiro"]
[Date "2019.12.08"]
[Round "3.10"]
[White "Coelho, Ramyres Santana"]
[Black "Roselli Mailhe, Bernardo"]
[Result "0-1"]
[ECO "A48"]
[WhiteElo "1979"]
[BlackElo "2442"]
[Annotator "RC"]
[PlyCount "98"]
[EventDate "2019.12.07"]
[EventType "swiss"]
[EventCountry "BRA"]
[SourceTitle "playchess.com"]
[Source "ChessBase"]
[SourceQuality "1"]
[TimeControl "40/5400+30:1800+30"]

1. d4 Nf6 2. Nf3 g6 3. Bf4 Bg7 4. e3 d6 5. h3 O-O 6. Be2 c5 7. c3 Nc6 8. O-O cxd4 9. exd4 Nd5 10. Bh2 e5 11. Na3 Re8 12. Bc4 Nb6 13. dxe5 dxe5 14. Qxd8 Nxd8 15. Rfe1 Nxc4 16. Nxc4 f6 17. Nd6 Re7 18. Nxc8 Rxc8 19. Rad1 Ne6 20. Nd2 Rd8 21. Nc4 Red7 22. Ne3 Rd2 23. Rxd2 Rxd2 24. Nc4 Rc2 25. f4 Nxf4 26. Bxf4 exf4 27. Re8+ Bf8 28. a4 Kg7 29. Rc8 b6 30. Rc7+ Kh6 31. Rf7 Bc5+ 32. Kf1 Kg5 33. b4 Rxc3 34. bxc5 Rxc4 35. cxb6 axb6 36. Rb7 Rxa4 37. Rxb6 Ra2 38. Rb3 f5 39. Rf3 Ra4 40. Kf2 Kh4 41. Rb3 g5 42. Rb5 Ra2+ 43. Kf1 g4 44. Rxf5 Kg3 45. hxg4 Rf2+ 46. Ke1 Rxg2 47. g5 f3 48. Rf7 Rg1+ 49. Kd2 f2 0-1

[Event "III Duchamp Open 2019"]
[Site "Rio de Janeiro"]
[Date "2019.12.09"]
[Round "3.15"]
[White "Lage, Pedro Ferreira"]
[Black "Fernandez, Maria Florencia"]
[Result "1/2-1/2"]
[ECO "A06"]
[WhiteElo "2021"]
[BlackElo "2241"]
[Annotator "RC"]
[PlyCount "147"]
[EventDate "2019.12.07"]
[EventType "swiss"]
[EventCountry "BRA"]
[SourceTitle "playchess.com"]
[Source "ChessBase"]
[SourceQuality "1"]
[TimeControl "40/5400+30:1800+30"]

1. Nf3 d5 2. g3 Nf6 3. Bg2 Nc6 4. d4 Bf5 5. O-O e6 6. c4 Be7 7. Nbd2 O-O 8. b3 a5 9. a3 Ne4 10. Bb2 Bf6 11. Rc1 Ra6 12. e3 h5 13. Ne1 h4 14. Nxe4 dxe4 15. Qc2 Ne7 16. Bxe4 hxg3 17. hxg3 c5 18. Nf3 a4 19. Bxf5 Nxf5 20. dxc5 axb3 21. Qxb3 Bxb2 22. Qxb2 Qe7 23. Nd4 Nh6 24. Rb1 Qxc5 25. Qxb7 Rxa3 26. Qb4 Qxb4 27. Rxb4 Rc3 28. Nc6 Kh7 29. Na5 Rd8 30. Rfb1 Ng4 31. c5 Ne5 32. c6 Rd2 33. R4b2 Rdd3 34. Rb4 Kg6 35. R4b3 Rc5 36. Rxd3 Nxd3 37. Nb3 Rxc6 38. Nd4 Ra6 39. Rd1 Nc5 40. Rd2 e5 41. Nb5 Ne4 42. Rc2 Ra5 43. Rb2 Kf5 44. Rb4 Nc5 45. Nc3 Nd3 46. Rb7 Ra1+ 47. Kg2 Ne1+ 48. Kh3 Kg6 49. g4 Nd3 50. Kg2 Rc1 51. Ne4 Rc4 52. f3 Rc2+ 53. Kg3 Re2 54. Rb6+ f6 55. g5 Rxe3 56. gxf6 Ne1 57. fxg7+ Kxg7 58. Kf2 Rxf3+ 59. Kxe1 Re3+ 60. Kf2 Rxe4 61. Kf3 Rf4+ 62. Ke3 Kf7 63. Ra6 Ke7 64. Rb6 Rf6 65. Rxf6 Kxf6 66. Ke4 Ke6 67. Ke3 Kd5 68. Kd3 e4+ 69. Ke3 Ke5 70. Ke2 Kd4 71. Kd2 e3+ 72. Ke2 Ke4 73. Ke1 Kf3 74. Kf1 1/2-1/2

[Event "III Duchamp Open 2019"]
[Site "Rio de Janeiro"]
[Date "2019.12.10"]
[Round "4.11"]
[White "Limp, Eduardo Thelio"]
[Black "Moura, Eduardo Eugenio Chav"]
[Result "1/2-1/2"]
[ECO "A41"]
[WhiteElo "2356"]
[BlackElo "2098"]
[Annotator "RC"]
[PlyCount "108"]
[EventDate "2019.12.07"]
[EventType "swiss"]
[EventCountry "BRA"]
[SourceTitle "playchess.com"]
[Source "ChessBase"]
[SourceQuality "1"]
[TimeControl "40/5400+30:1800+30"]

1. d4 d6 2. e4 Nf6 3. Nd2 e5 4. c3 Be7 5. Ngf3 Nbd7 6. Be2 O-O 7. O-O c6 8. a4 a5 9. Re1 Re8 10. Bf1 Qc7 11. Qb3 h6 12. Bc4 Rf8 13. Bd3 Re8 14. Nf1 Nf8 15. Ne3 Be6 16. Qc2 Ng6 17. g3 Bf8 18. Bd2 Rad8 19. c4 Bc8 20. Bc3 exd4 21. Nxd4 Ne5 22. Be2 Ned7 23. Bf3 Nc5 24. Nef5 Nfd7 25. Rad1 Ne5 26. Be2 g6 27. Ne3 Ned7 28. Bf3 Bg7 29. Bg2 Nf6 30. f3 Ne6 31. Nb3 b6 32. f4 Nd7 33. Bxg7 Kxg7 34. Qc3+ Kh7 35. e5 dxe5 36. Ng4 h5 37. Rxd7 Bxd7 38. Nf6+ Kg7 39. Nxe8+ Rxe8 40. Rxe5 f6 41. Re1 c5 42. Bd5 Nf8 43. Rxe8 Bxe8 44. Nd2 Bxa4 45. Ne4 Qe7 46. Kf2 Ne6 47. Qa3 Bc2 48. Qe3 Nd4 49. Nc3 Qxe3+ 50. Kxe3 f5 51. h4 Bb3 52. Kd3 Bc2+ 53. Kd2 Bb3 54. Kd3 Bc2+ 1/2-1/2

[Event "III Duchamp Open 2019"]
[Site "Rio de Janeiro"]
[Date "2019.12.09"]
[Round "4.12"]
[White "Labussiere, Yago"]
[Black "Ambartsumova, Karina"]
[Result "0-1"]
[ECO "A41"]
[WhiteElo "2091"]
[BlackElo "2341"]
[Annotator "RC"]
[PlyCount "84"]
[EventDate "2019.12.07"]
[EventType "swiss"]
[EventCountry "BRA"]
[SourceTitle "playchess.com"]
[Source "ChessBase"]
[SourceQuality "1"]
[TimeControl "40/5400+30:1800+30"]

1. d4 d6 2. c4 e5 3. Nf3 e4 4. Ng5 f5 5. Nh3 Nf6 6. Nc3 Be7 7. e3 O-O 8. Be2 c6 9. Nf4 Na6 10. h4 Nc7 11. b4 Ne6 12. g3 Nxf4 13. exf4 d5 14. c5 b6 15. a3 a5 16. Be3 Ba6 17. Bxa6 Rxa6 18. O-O Qd7 19. Qe2 b5 20. Rab1 axb4 21. axb4 Rfa8 22. Rb2 Ne8 23. Rc1 Nc7 24. Rcc2 Ne6 25. Ra2 Bf6 26. Qd2 Rxa2 27. Rxa2 Rxa2 28. Nxa2 Qa7 29. Nc3 Qa3 30. Ne2 Nc7 31. Qc3 Qa4 32. Qe1 Qc2 33. Bd2 Ne6 34. Bc3 Qd3 35. Nc1 Qc4 36. Ne2 Nxd4 37. Nxd4 Bxd4 38. Qa1 Qxc3 39. Qa8+ Kf7 40. Qb7+ Kg6 41. Qxc6+ Kh5 42. Qe8+ Kg4 0-1